NWL (28 & UNDER)
MOOSE JAW GHOSTBUSTERS @ SAN DIEGO SMASHERS
08/01/2028
 
TOP OF THE 1ST
Moose Jaw Ghostbusters batting - Pitching for San Diego Smashers : RHP Roberto Carrillo
Pitching: RHP Roberto Carrillo
Batting: LHB David Adams 0-0: Ball
1-0: Ball
2-0: Ball
3-0: Base on Balls
Batting: LHB Jon Scott 0-0: Foul Ball, location: 2F
0-1: Ball
David Adams steals 2nd base
1-1: Ball
2-1: Ground out 4-3 (Groundball, 4)
David Adams to third
Batting: RHB Ron Elazar 0-0: Called Strike
0-1: Ball
1-1: Ball
2-1: Called Strike
2-2: Strikes out swinging
Batting: SHB Rafael Acosta 0-0: Foul Ball, location: 2F
0-1: Swinging Strike
0-2: Foul Ball, location: 2F
0-2: Ball
1-2: Strikes out looking
Top of the 1st over - 0 run(s), 0 hit(s), 0 error(s), 1 left on base; Moose Jaw 0 - San Diego 0
BOTTOM OF THE 1ST
San Diego Smashers batting - Pitching for Moose Jaw Ghostbusters : LHP Jon Vaughn
Pitching: LHP Jon Vaughn
Batting: LHB Michael Myers 0-0: Ball
1-0: Called Strike
1-1: Foul Ball, location: 2F
1-2: Ball
2-2: Ball
3-2: Foul Ball, location: 2F
3-2: Foul Ball, location: 2F
3-2: Strikes out swinging
Batting: RHB Gerald Davis 0-0: Foul Ball, location: 2F
0-1: Ball
1-1: Ball
2-1: Foul Ball, location: 2F
2-2: Ground out 5-3 (Groundball, 56)
Batting: LHB Gonzalo Benítez 0-0: Ground out 4-3 (Groundball, 4)
Bottom of the 1st over - 0 run(s), 0 hit(s), 0 error(s), 0 left on base; Moose Jaw 0 - San Diego 0
TOP OF THE 2ND
Moose Jaw Ghostbusters batting - Pitching for San Diego Smashers : RHP Roberto Carrillo
Batting: RHB Nicholas Harris 0-0: Called Strike
0-1: Swinging Strike
0-2: Strikes out swinging
Batting: LHB Will Vale 0-0: Fly out, F8 (Line Drive, 8LM)
Batting: RHB Shawn Bane 0-0: Ball
1-0: Swinging Strike
1-1: Foul Ball, location: 2F
1-2: Strikes out swinging
Top of the 2nd over - 0 run(s), 0 hit(s), 0 error(s), 0 left on base; Moose Jaw 0 - San Diego 0
BOTTOM OF THE 2ND
San Diego Smashers batting - Pitching for Moose Jaw Ghostbusters : LHP Jon Vaughn
Batting: LHB Richard Brooks 0-0: Ball
1-0: Called Strike
1-1: Swinging Strike
1-2: Fly out, F4 (Popup, 34D)
Batting: RHB Fred Ameris 0-0: Ball
1-0: SOLO HOME RUN (Flyball, 7LD), Distance : 336 ft
Batting: RHB Javier González 0-0: Called Strike
0-1: Fly out, F9 (Flyball, 9LS)
Batting: RHB John Nelson 0-0: Called Strike
0-1: Ground out 4-3 (Groundball, 4)
Bottom of the 2nd over - 1 run(s), 1 hit(s), 0 error(s), 0 left on base; Moose Jaw 0 - San Diego 1
TOP OF THE 3RD
Moose Jaw Ghostbusters batting - Pitching for San Diego Smashers : RHP Roberto Carrillo
Batting: LHB Raúl Casillán 0-0: Ball
1-0: Ball
2-0: Ball
3-0: Base on Balls
Batting: RHB Donald Fenner 0-0: Ball
1-0: Ball
2-0: Foul Ball, location: 2F
2-1: Ball
3-1: Foul Ball, location: 2F
3-2: Base on Balls
Raúl Casillán to second
Batting: LHB David Adams 0-0: SINGLE (Groundball, 3S) (infield hit)
Raúl Casillán to third
Donald Fenner to second
Batting: LHB Jon Scott 0-0: Called Strike
0-1: Foul Ball, location: 2F
0-2: Ball
1-2: Strikes out swinging
Batting: RHB Ron Elazar 0-0: Ball
1-0: Called Strike
1-1: Called Strike
1-2: Foul Ball, location: 2F
1-2: Ball
2-2: Strikes out swinging
Batting: SHB Rafael Acosta 0-0: Ball
1-0: Ball
2-0: Called Strike
2-1: Ground out U3 (Groundball, 3)
Top of the 3rd over - 0 run(s), 1 hit(s), 0 error(s), 3 left on base; Moose Jaw 0 - San Diego 1
BOTTOM OF THE 3RD
San Diego Smashers batting - Pitching for Moose Jaw Ghostbusters : LHP Jon Vaughn
Batting: RHB Gustavo Torres 0-0: Ball
1-0: Foul Ball, location: 2F
1-1: Swinging Strike
1-2: Foul Ball, location: 2F
1-2: Foul Ball, location: 2F
1-2: Fly out, F6 (Popup, 5D)
Batting: RHB José Oliveira 0-0: Swinging Strike
0-1: Called Strike
0-2: Strikes out swinging
Batting: LHB Michael Myers 0-0: Foul Ball, location: 2F
0-1: Ball
1-1: Fly out, F7 (Line Drive, 7LM)
Bottom of the 3rd over - 0 run(s), 0 hit(s), 0 error(s), 0 left on base; Moose Jaw 0 - San Diego 1
TOP OF THE 4TH
Moose Jaw Ghostbusters batting - Pitching for San Diego Smashers : RHP Roberto Carrillo
Batting: RHB Nicholas Harris 0-0: Ball
1-0: Ball
2-0: Foul Ball, location: 2F
2-1: Ball
3-1: Called Strike
3-2: Base on Balls
Batting: LHB Will Vale 0-0: Ball
1-0: Called Strike
Nicholas Harris steals 2nd base
1-1: SINGLE (Line Drive, 34D)
Nicholas Harris to third
Runner from 3rd tries for Home, SAFE, no throw
Batting: RHB Shawn Bane 0-0: Called Strike
0-1: Ball
1-1: Swinging Strike
1-2: Strikes out swinging
Batting: LHB Raúl Casillán 0-0: Called Strike
0-1: Foul Ball, location: 2F
0-2: SINGLE (Line Drive, 5D)
Will Vale to second
Batting: RHB Donald Fenner 0-0: Ball
1-0: Ball
2-0: Ball
3-0: Called Strike
3-1: Foul Ball, location: 2F
3-2: Strikes out swinging
Batting: LHB David Adams 0-0: Foul Ball, location: 2F
0-1: Ball
1-1: Called Strike
1-2: Ball
2-2: SINGLE (Groundball, 56D)
Will Vale to third
Raúl Casillán to second
Runner from 3rd tries for Home, SAFE, no throw
Batting: LHB Jon Scott 0-0: Called Strike
0-1: SINGLE (Flyball, 9S)
Raúl Casillán to third
David Adams to second
Runner from 3rd tries for Home, SAFE, no throw
Batting: RHB Ron Elazar 0-0: Called Strike
0-1: Foul Ball, location: 2F
0-2: Ball
1-2: Ball
2-2: Foul Ball, location: 2F
2-2: Ball
3-2: Foul Ball, location: 2F
3-2: Fly out, F3 (Popup, 3S)
Top of the 4th over - 3 run(s), 4 hit(s), 0 error(s), 2 left on base; Moose Jaw 3 - San Diego 1
BOTTOM OF THE 4TH
San Diego Smashers batting - Pitching for Moose Jaw Ghostbusters : LHP Jon Vaughn
Batting: RHB Gerald Davis 0-0: Foul Ball, location: 2F
0-1: Foul Ball, location: 2F
0-2: Strikes out swinging
Batting: LHB Gonzalo Benítez 0-0: Called Strike
0-1: Ball
1-1: Ball
2-1: Foul Ball, location: 2F
2-2: SINGLE (Groundball, 4MD)
Batting: LHB Richard Brooks 0-0: Ball
1-0: Called Strike
1-1: Ball
2-1: Called Strike
2-2: Ball
3-2: Strikes out swinging
Batting: RHB Fred Ameris 0-0: Ball
1-0: Called Strike
Gonzalo Benítez steals 2nd base
1-1: Swinging Strike
1-2: Foul Ball, location: 2F
1-2: Ground out 6-3 (Groundball, 6)
Bottom of the 4th over - 0 run(s), 1 hit(s), 0 error(s), 1 left on base; Moose Jaw 3 - San Diego 1
TOP OF THE 5TH
Moose Jaw Ghostbusters batting - Pitching for San Diego Smashers : RHP Roberto Carrillo
Batting: SHB Rafael Acosta 0-0: Fly out, F8 (Flyball, 8RM)
Batting: RHB Nicholas Harris 0-0: Ground out 4-3 (Groundball, 4)
Batting: LHB Will Vale 0-0: Ball
1-0: Called Strike
1-1: Swinging Strike
1-2: Ball
2-2: Ball
3-2: Foul Ball, location: 2F
3-2: Base on Balls
Pitching: RHP Martin Miller
Batting: RHB Shawn Bane 0-0: Called Strike
0-1: Swinging Strike
0-2: Strikes out swinging
Top of the 5th over - 0 run(s), 0 hit(s), 0 error(s), 1 left on base; Moose Jaw 3 - San Diego 1
BOTTOM OF THE 5TH
San Diego Smashers batting - Pitching for Moose Jaw Ghostbusters : LHP Jon Vaughn
Batting: RHB Javier González 0-0: Bunt missed!
0-1: Ball
1-1: SINGLE (Groundball, 5D)
Batting: RHB John Nelson 0-0: Called Strike
Javier González steals 2nd base
0-1: Ball
1-1: Ball
2-1: Ball
3-1: Ground out 5-3 (Groundball, 56S)
Javier González to third
Batting: RHB Gustavo Torres 0-0: Ball
1-0: SINGLE (Flyball, 89M)
Javier González scores
Batting: RHB José Oliveira 0-0: Ball
1-0: Foul Ball, location: 2F
1-1: Grounds into double play, 5-4-3 (Groundball, 5)
Bottom of the 5th over - 1 run(s), 2 hit(s), 0 error(s), 0 left on base; Moose Jaw 3 - San Diego 2
TOP OF THE 6TH
Moose Jaw Ghostbusters batting - Pitching for San Diego Smashers : RHP Martin Miller
Batting: LHB Raúl Casillán 0-0: Fly out, F8 (Flyball, 8RM)
Batting: RHB Donald Fenner 0-0: Ball
1-0: Ground out 1-3 (Groundball, 15S)
Batting: LHB David Adams 0-0: Called Strike
0-1: Ball
1-1: Foul Ball, location: 2F
1-2: Ball
2-2: Ball
3-2: Foul Ball, location: 2F
3-2: Foul Ball, location: 2F
3-2: DOUBLE (Line Drive, 5D)
Batting: LHB Jon Scott 0-0: Fly out, F3 (Popup, 3L)
Top of the 6th over - 0 run(s), 1 hit(s), 0 error(s), 1 left on base; Moose Jaw 3 - San Diego 2
BOTTOM OF THE 6TH
San Diego Smashers batting - Pitching for Moose Jaw Ghostbusters : LHP Jon Vaughn
Batting: LHB Michael Myers 0-0: Called Strike
0-1: Ball
1-1: Foul Ball, location: 2F
1-2: Fly out, F8 (Flyball, 78D)
Batting: RHB Gerald Davis 0-0: Ball
1-0: Called Strike
1-1: Ball
2-1: Fly out, F9 (Flyball, 9LS)
Batting: LHB Gonzalo Benítez 0-0: Ball
1-0: Ball
2-0: SOLO HOME RUN (Flyball, 9D), Distance : 394 ft
Batting: LHB Richard Brooks 0-0: Ball
1-0: Foul Ball, location: 2F
1-1: Ball
2-1: Called Strike
2-2: Strikes out swinging
Bottom of the 6th over - 1 run(s), 1 hit(s), 0 error(s), 0 left on base; Moose Jaw 3 - San Diego 3
TOP OF THE 7TH
Moose Jaw Ghostbusters batting - Pitching for San Diego Smashers : RHP Martin Miller
Batting: RHB Ron Elazar 0-0: Called Strike
0-1: Ball
1-1: Swinging Strike
1-2: Ball
2-2: Strikes out swinging
Batting: SHB Rafael Acosta 0-0: Called Strike
0-1: Foul Ball, location: 2F
0-2: Foul Ball, location: 2F
0-2: Ball
1-2: Ground out 3-1 (Groundball, 34)
Pinch Hitting: LHB Dave Stewart 0-0: Ground out 6-3 (Groundball, 6)
Top of the 7th over - 0 run(s), 0 hit(s), 0 error(s), 0 left on base; Moose Jaw 3 - San Diego 3
BOTTOM OF THE 7TH
San Diego Smashers batting - Pitching for Moose Jaw Ghostbusters : LHP Jon Vaughn
Now at 1B: Billy Mullins
Batting: RHB Fred Ameris 0-0: Foul Ball, location: 2F
0-1: Ball
1-1: Ball
2-1: Ball
3-1: Base on Balls
Batting: RHB Javier González 0-0: Sac Bunt - play at first, batter OUT! 5-4
Fred Ameris to second
Batting: RHB John Nelson 0-0: Intentional Walk
Batting: RHB Gustavo Torres 0-0: Swinging Strike
0-1: 3-RUN HOME RUN (Flyball, 78XD), Distance : 401 ft
Batting: RHB José Oliveira 0-0: Ball
1-0: Ball
2-0: Foul Ball, location: 2F
2-1: Ball
3-1: Base on Balls
Batting: LHB Michael Myers 0-0: Called Strike
0-1: Ball
1-1: Foul Ball, location: 2F
1-2: Ball
2-2: Ball
3-2: SINGLE (Flyball, 89S)
José Oliveira to second
Batting: RHB Gerald Davis 0-0: Ball
1-0: Swinging Strike
1-1: Swinging Strike
1-2: Foul Ball, location: 2F
1-2: Strikes out swinging
Pitching: LHP Javier Galeas
Batting: LHB Gonzalo Benítez 0-0: Foul Ball, location: 2F
0-1: Ball
1-1: Fly out, F8 (Flyball, 8LS)
Bottom of the 7th over - 3 run(s), 2 hit(s), 0 error(s), 2 left on base; Moose Jaw 3 - San Diego 6
TOP OF THE 8TH
Moose Jaw Ghostbusters batting - Pitching for San Diego Smashers : RHP Martin Miller
Batting: LHB Will Vale 0-0: Reached on error, E6 (Popup, 5D)
Pitching: RHP Rick Hernández
Batting: RHB Shawn Bane 0-0: Called Strike
0-1: Ball
1-1: Ball
2-1: Fly out, F4 (Line Drive, 4D)
Pitching: LHP Mike Stevens
Batting: LHB Raúl Casillán 0-0: Called Strike
0-1: Ball
1-1: Called Strike
1-2: Strikes out swinging
Pitching: RHP Andre Huff
Batting: RHB Donald Fenner 0-0: Ball
1-0: Swinging Strike
1-1: Foul Ball, location: 2F
1-2: Strikes out looking
Top of the 8th over - 0 run(s), 0 hit(s), 1 error(s), 1 left on base; Moose Jaw 3 - San Diego 6
BOTTOM OF THE 8TH
San Diego Smashers batting - Pitching for Moose Jaw Ghostbusters : LHP Javier Galeas
Batting: LHB Richard Brooks 0-0: Ball
1-0: Ball
2-0: Ball
3-0: Base on Balls
Batting: RHB Fred Ameris 0-0: Ball
1-0: Foul Ball, location: 2F
1-1: Ball
2-1: Foul Ball, location: 2F
2-2: SINGLE (Line Drive, 7S)
Richard Brooks to second
Batting: RHB Javier González 0-0: Sac Bunt - play at third, runner OUT! 2-5
Fred Ameris to second
Batting: RHB John Nelson 0-0: Ball
Wild Pitch!
Fred Ameris to third
Javier González to second
1-0: Intentional Walk
Batting: RHB Gustavo Torres 0-0: Called Strike
0-1: Grounds into fielders choice 6-2 (Groundball, 56)
Javier González to third
John Nelson to second
Batting: RHB José Oliveira 0-0: Ball
1-0: Foul Ball, location: 2F
1-1: Foul Ball, location: 2F
1-2: Strikes out swinging
Bottom of the 8th over - 0 run(s), 1 hit(s), 0 error(s), 3 left on base; Moose Jaw 3 - San Diego 6
TOP OF THE 9TH
Moose Jaw Ghostbusters batting - Pitching for San Diego Smashers : RHP Andre Huff
Pitching: RHP Joe Shoemaker
Batting: LHB David Adams 0-0: Called Strike
0-1: Foul Ball, location: 2F
0-2: Ball
1-2: SINGLE (Groundball, 34) (infield hit)
Batting: LHB Jon Scott 0-0: Grounds into double play, 4-6-3 (Groundball, 4)
Batting: RHB Ron Elazar 0-0: Foul Ball, location: 2F
0-1: Ball
1-1: Swinging Strike
1-2: Ball
2-2: Hit by Pitch
Batting: SHB Rafael Acosta 0-0: Ball
1-0: Fly out, F8 (Flyball, 8RM)
Top of the 9th over - 0 run(s), 1 hit(s), 0 error(s), 1 left on base; Moose Jaw 3 - San Diego 6
Tuesday, August 8th, 2017 - OOTP Baseball 17.12 Build 75